 Dungeon Crawl Stone Soup version 0.31-a0-426-g3a05650e59 (webtiles) character file.

Game seed: 453432562310775526

9 shadowstone the Conjurer (level 2, 0/18 HPs)
             Began as a Gargoyle Reaver on July 30, 2023.
             Frozen to death by an endoplasm (5 damage)
             ... on level 1 of the Dungeon.
             The game lasted 00:00:39 (161 turns).

shadowstone the Conjurer (Gargoyle Reaver)           Turns: 161, Time: 00:00:39

Health: 0/18       AC:  5    Str: 15    XL:     2   Next: 16%
Magic:  5/5        EV: 11    Int: 13    God:
Gold:   29         SH:  0    Dex:  8    Spells: 4/5 levels left

rFire   . . .        a - +0 falchion
rCold   . . .        (no shield)
rNeg    + . .        b - +0 leather armour
rPois   ∞            (no helmet)
rElec   +            (no cloak)
rCorr   .            (no gloves)
SInv    .            (no boots)
Will    .....        (no amulet)
Stlth   +            (no ring)
HPRegen 0.23/turn    (no ring)
MPRegen 0.09/turn

%: no passive effects
@: no status effects
A: sickness immunity, AC +2, negative energy resistance 1, electricity
resistance, torment resistance 1, petrification resistance
a: no special abilities


You were on level 1 of the Dungeon.
You visited 1 branch of the dungeon, and saw 1 of its levels.

You collected 29 gold pieces.

Inventory:

Hand Weapons
 a - a +0 falchion (weapon)
Armour
 b - a +0 leather armour (worn)
Scrolls
 c - a scroll of brand weapon {unknown}


   Skills:
 + Level 2.3 Fighting
 + Level 2.8 Long Blades
 + Level 1.7 Dodging
 + Level 2.1 Spellcasting
 + Level 3.5 Conjurations


You had 4 spell levels left.
You knew the following spells:

 Your Spells              Type           Power      Damage    Failure   Level
a - Kiss of Death         Conj/Necr      20%        2d7       16%         1

Your spell library contained the following spells:

 Spells                   Type           Power      Damage    Failure   Level
 Momentum Strike          Conj/Tloc      10%        3d8       22%         2
 Hailstorm                Conj/Ice       5%         3d4       41%         3


Dungeon Overview and Level Annotations

Branches:
Dungeon (1/15)

Altars:


Innate Abilities, Weirdness & Mutations

You are immune to sickness and miasma.
Your stone body is resilient. (AC +2)
You are immune to poison.
You resist negative energy. (rN+)
You are resistant to electric shocks. (rElec)
You are resistant to unholy torment.
You are immune to petrification.


Message History

The endoplasm freezes you.
You are frozen.
You hit the endoplasm.
The endoplasm is heavily wounded.
The bat barely misses you. The endoplasm barely misses you.
You barely miss the endoplasm.
The endoplasm is heavily wounded.
The bat barely misses you. The bat completely misses you.
The endoplasm freezes you.
You are frozen.
* * * LOW HITPOINT WARNING * * *
You hit the endoplasm.
You kill the endoplasm!
The bat hits you.
* * * LOW HITPOINT WARNING * * *
The bat hits you but does no damage. The bat attacks as you move away!
The bat misses you. The bat hits you but does no damage.
The bat closely misses you. The bat barely misses you.
An endoplasm comes into view.
You closely miss the bat.
The endoplasm quivers.
The bat hits you but does no damage. The bat misses you.
The bat hits you but does no damage.
You see here a +0 club.
The bat hits you but does no damage.
Things that are here:
a +0 club; a goblin corpse The bat attacks as you move away!
The bat misses you. The bat closely misses you. The bat hits you.
* * * LOW HITPOINT WARNING * * *
The bat misses you.
You hit the bat.
You kill the bat!
The endoplasm freezes you.
You are frozen.
You die...

....... .........
........## ..........
.###.. #.# .. ........
....... ..# .. .. .[....
....#..##.# . ....#.#.##
........#.# # .........#
........#.###
...###.@#.............##
#.J#.#...........(.
#.)#...............
#.#####.....J..#.........
#........................
#.....##.#.#.............
#.....##.#.#...#.........
#........#.#............#
####.#.#........#..##.#..#


You could see an endoplasm.

Vanquished Creatures
  An endoplasm (D:1)
  3 goblins (D:1)
  3 quokkas (D:1)
  A bat (D:1)
8 creatures vanquished.

Notes
Turn   | Place    | Note
-------+----------+-------------------------------------------
     0 | D:1      | shadowstone the Gargoyle Reaver began the quest for the
                  | Orb.
     0 | D:1      | Reached XP level 1. HP: 12/12 MP: 3/3
   136 | D:1      | Reached XP level 2. HP: 18/18 MP: 5/5
   161 | D:1      | Frozen to death by an endoplasm

Illustrated notes

Levels and vault maps discovered:
D:1:      ncdulo_wetmaze, layout_basic

Action                     || total
---------------------------++-------
  Melee: Falchion          ||    39
 Armour: Leather armour    ||    22
  Dodge: Dodged            ||    38

Table legend: (Time is in decaauts)
 A = Elapsed time spent in this place.
 B = Non-inter-level travel time spent in this place.
 C = Inter-level travel time spent in this place.
 D = Time resting spent in this place.
 E = Time spent auto-exploring this place.
 F = Levels seen in this place.
 G = Mean time per level.
                   A        B        C        D        E       F      G
               +--------+--------+--------+--------+--------+-----+--------+
         Total |    172 |    172 |      0 |     16 |     23 |   1 |  172.0 |
       Dungeon |    172 |    172 |      0 |     16 |     23 |   1 |  172.0 |
               +--------+--------+--------+--------+--------+-----+--------+

Top non-repeatable levels by time:
     D:1: 172 daAuts
